 Dungeon Crawl Stone Soup version 0.30.0-13-g156ef70053 (webtiles) character file.

Game seed: 14027645221396830322

38770 browni3141 the Cleaver (level 13, 0/119 HPs)
             Began as a Minotaur Fighter on May 17, 2023.
             Was a High Priest of Okawaru.
             Slain by kd29's ghost (39 damage)
             ... on level 3 of the Lair of Beasts.
             The game lasted 00:08:52 (13986 turns).

browni3141 the Cleaver (Minotaur Fighter)          Turns: 13986, Time: 00:08:52

Health: 0/119      AC: 26    Str: 27    XL:     13   Next: 65%
Magic:  26/26      EV: 13    Int: 10    God:    Okawaru [*****.]
Gold:   676        SH:  0    Dex: 17    Spells: 12/12 levels left

rFire   . . .        j - +11 battleaxe of Fate {spect, Will+ Dex+2}
rCold   . . .        (shield currently unavailable)
rNeg    . . .        E - +0 plate armour
rPois   .            l - +3 hat of Pondering {ponderous, Will+ MP+10 Int+5}
rElec   .            x - +2 cloak
rCorr   +            R - +2 pair of gloves
SInv    .            (no boots)
Will    +++..        (no amulet) Stlth
                     Q - +6 ring of strength
HPRegen 0.39/turn    k - ring of Emitipat {Will+ rCorr Stlth+}
MPRegen 0.20/turn

%: no passive effects
@: contaminated, glowing, studying Shields, slow
A: horns 2, retaliatory headbutt
a: Renounce Religion, Heroism, Finesse, Duel


You were on level 3 of the Lair of Beasts.
You worshipped Okawaru.
Okawaru was extremely pleased with you.
You visited 3 branches of the dungeon, and saw 14 of its levels.
You also visited: Sewer and Bailey.

You collected 880 gold pieces.
You spent 204 gold pieces at shops.

Inventory:

Hand Weapons
 a - a +0 war axe
 j - the +11 battleaxe of Fate (weapon) {spect, Will+ Dex+2}
   (Okawaru gifted it to you on level 2 of the Lair of Beasts)

   Dex:       It affects your dexterity (+2).
   Will:      It increases your willpower.
 W - the +3 war axe of Fragile Peace {flame, Str+2 Dex+4 Stlth+}
   (You bought it in a shop on level 7 of the Dungeon)

   Str:       It affects your strength (+2).
   Dex:       It affects your dexterity (+4).
   Stlth:     It makes you more stealthy.
Missiles
 n - a curare-tipped dart
 J - 40 javelins
 Z - 7 throwing nets (quivered)
Armour
 b - a +0 scale mail
 l - the +3 hat of Pondering (worn) {ponderous, Will+ MP+10 Int+5}
   (You took it off Gastronok on level 9 of the Dungeon)

   Int:       It affects your intelligence (+5).
   MP:        It affects your magic capacity (+10).
   Will:      It increases your willpower.
 x - a +2 cloak (worn)
 E - a +0 plate armour (worn)
 R - a +2 pair of gloves (worn)
Jewellery
 g - a ring of wizardry
 k - the ring of Emitipat (right hand) {Will+ rCorr Stlth+}
   (You found it in a bailey)

   [ring of willpower]

   rCorr:     It protects you from acid and corrosion.
   Will:      It increases your willpower.
   Stlth:     It makes you more stealthy.
 z - a ring of positive energy
 F - a ring of flight
 Q - a +6 ring of strength (left hand)
Wands
 w - a wand of digging (12)
 A - a wand of acid (5)
 I - a wand of iceblast (17)
 P - a wand of paralysis (4)
 V - a wand of flame (4)
Scrolls
 h - 4 scrolls of teleportation
 i - a scroll of blinking
 m - 2 scrolls of immolation
 p - 2 scrolls of enchant weapon
 q - 2 scrolls of noise
 v - a scroll of enchant armour
 y - 2 scrolls of poison
 G - 2 scrolls of torment
 H - a scroll of vulnerability
 L - 2 scrolls of amnesia {unknown}
 S - 2 scrolls of magic mapping {unknown}
Potions
 o - 2 potions of invisibility {unknown}
 s - 2 potions of attraction {unknown}
 t - 3 potions of magic {unknown}
 u - a potion of ambrosia {unknown}
 B - 4 potions of heal wounds {unknown}
 C - 4 potions of haste {unknown}
 D - a potion of resistance {unknown}
 K - 4 potions of degeneration {unknown}
 M - 8 potions of might
 N - 5 potions of flight {unknown}
 O - 3 potions of brilliance {unknown}
 T - 3 potions of lignification {unknown}
 U - 6 potions of curing {unknown}
 X - 4 potions of mutation {unknown}
 Y - 2 potions of berserk rage {unknown}


   Skills:
 + Level 12.9 Fighting
 + Level 13.3 Axes
 + Level 12.9 Armour
 + Level 10.5 Dodging
 - Level 13.2 Shields
 * Level 6.3 Invocations


You had 12 spell levels left.
You didn't know any spells.
Your spell library contained the following spells:

 Spells                   Type           Power      Damage    Failure   Level
 Beastly Appendage        Tmut           0%         N/A       95%         1
 Blink                    Tloc           0%         N/A       99%         2
 Wereblood                Tmut           0%         N/A       99%         2
 Portal Projectile        Hex/Tloc       0%         N/A       100%        3
 Spider Form              Tmut/Pois      0%         N/A       100%        3
 Cause Fear               Hex            0%         N/A       100%        4
 Leda's Liquefaction      Hex/Erth       0%         N/A       100%        4
 Manifold Assault         Tloc           0%         N/A       100%        4
 Borgnjor's Vile Clutch   Necr/Erth      0%         N/A       100%        5
 Fireball                 Conj/Fire      0%         3d3       100%        5
 Iskenderun's Battlesphe  Conj           0%         2d6       100%        5
 Conjure Ball Lightning   Conj/Air       0%         3x3d6     100%        6
 Dragon Form              Tmut           0%         N/A       100%        7
 Orb of Destruction       Conj           0%         9d5       100%        7
 Storm Form               Tmut/Air       0%         N/A       100%        7
 Call Canine Familiar     Summ           Unusable   N/A       N/A         3
 Animate Dead             Necr           Unusable   N/A       N/A         4
 Death Channel            Necr           Unusable   N/A       N/A         6
 Dragon's Call            Summ           Unusable   N/A       N/A         9

Dungeon Overview and Level Annotations

Branches:
Dungeon (10/15)            Temple (1/1) D:7            Lair (3/5) D:10
  Swamp (0/4) Lair:3       Spider (0/4) Lair:2          Orc (0/2) D:9
  Sewer (visited)          Bailey (visited)

Altars:
Ashenzari
Cheibriados
Dithmenos
Elyvilon
Fedhas
Gozag
Hepliaklqana
Kikubaaqudgha
Makhleb
Nemelex Xobeh
Okawaru
Qazlal
Ru
Sif Muna
Trog
Uskayaw
Vehumet
Wu Jian
Xom
Yredelemnul
Zin
The Shining One

Shops:
D:7 (   D:9 !

Portals:
Abyss: Lair:2

Annotations:
D:9 1 runed translucent door, cheesebisquit's ghost, novice FeSu
D:10 2 transporters
Lair:3 kd29's ghost, journeyman DrTm


Innate Abilities, Weirdness & Mutations

You have a pair of horns on your head.
You reflexively headbutt those who attack you in melee.


Message History

You enter the shallow water.
Moving in this stuff is going to be slow.
The swamp worm fires a harpoon shot at you.
The harpoon shot misses you.
The swamp worm fires a harpoon shot at you.
The harpoon shot hits you but does no damage.
The swamp worm fires a harpoon shot at you.
The harpoon shot hits you but does no damage.
You enter the shallow water.
Moving in this stuff is going to be slow.
The swamp worm fires a harpoon shot at you.
The harpoon shot hits you!
You are yanked forward by the harpoon shot.
The swamp worm barely misses you. The swamp worm bites you.
You slash the swamp worm!
The swamp worm is heavily wounded.
Your +11 battleaxe of Fate {spect, Will+ Dex+2} hits the swamp worm!!
You kill the swamp worm!
Okawaru accepts your kill.
No target in view!
Your +11 battleaxe of Fate {spect, Will+ Dex+2} disappears.
The rime drake hisses angrily.
Kd29's ghost turns its malevolent gaze towards you.
The yak bellows!
The yak snorts and paws the ground.
Key pressed, stopping explore.
You enter the shallow water.
Moving in this stuff is going to be slow.
Key pressed, stopping explore.
Kd29's ghost turns its malevolent gaze towards you.
The rime drake hisses angrily.
Kd29's ghost shrieks, "You will join me soon!"
The yak bellows!
Kd29's ghost whispers, "There is no future for you."
Key pressed, stopping explore.
Could not explore, unopened runed door.
Could not explore, unopened runed door.
You open the gate. You closely miss the rime drake.
Your +11 battleaxe of Fate {spect, Will+ Dex+2} hits the rime drake!
The rime drake bites you but does no damage. x2
You slice the rime drake!!
You kill the rime drake!
Okawaru accepts your kill.
Your +11 battleaxe of Fate {spect, Will+ Dex+2} disappears.
You slash the yak! You headbutt the yak!
The yak is severely wounded.
Your +11 battleaxe of Fate {spect, Will+ Dex+2} hits the yak.
You hit kd29's ghost but do no damage.
Your +11 battleaxe of Fate {spect, Will+ Dex+2} closely misses kd29's ghost.
The yak closely misses your +11 battleaxe of Fate {spect, Will+ Dex+2}.
You slash kd29's ghost! You headbutt kd29's ghost.
Kd29's ghost is lightly damaged.
Your +11 battleaxe of Fate {spect, Will+ Dex+2} hits kd29's ghost but does no damage.
Your +11 battleaxe of Fate {spect, Will+ Dex+2} hits the yak!
You kill the yak!
Okawaru accepts your kill. Kd29's ghost closely misses you.
You slash kd29's ghost!
Kd29's ghost is lightly damaged.
Your +11 battleaxe of Fate {spect, Will+ Dex+2} hits kd29's ghost.
Kd29's ghost hits you but does no damage.
You closely miss kd29's ghost. You headbutt kd29's ghost.
Kd29's ghost is lightly damaged.
Your +11 battleaxe of Fate {spect, Will+ Dex+2} hits kd29's ghost.
Kd29's ghost casts a spell.
Kd29's ghost erupts in a fountain of uncontrolled magic!
You are blasted with magical radiation!!
You are very lightly contaminated with residual magic.
You slash kd29's ghost!
Kd29's ghost is moderately damaged.
Your +11 battleaxe of Fate {spect, Will+ Dex+2} hits kd29's ghost!
Kd29's ghost mumbles some strange words.
Kd29's ghost erupts in a fountain of uncontrolled magic!
You are blasted with magical radiation!!
You are contaminated with residual magic.
You hit kd29's ghost. You headbutt kd29's ghost.
Kd29's ghost is heavily damaged.
Your +11 battleaxe of Fate {spect, Will+ Dex+2} hits kd29's ghost but does no damage.
Kd29's ghost gestures wildly while chanting.
Kd29's ghost erupts in a fountain of uncontrolled magic!
You are blasted with magical radiation!!
You closely miss kd29's ghost.
You headbutt kd29's ghost, but do no damage.
Kd29's ghost is heavily damaged.
Your +11 battleaxe of Fate {spect, Will+ Dex+2} misses kd29's ghost.
Kd29's ghost hits you but does no damage.
You hit kd29's ghost.
You headbutt kd29's ghost, but do no damage.
Kd29's ghost is heavily damaged.
Your +11 battleaxe of Fate {spect, Will+ Dex+2} misses kd29's ghost.
Kd29's ghost hits you.
You slice kd29's ghost!!
Kd29's ghost is severely damaged.
Your +11 battleaxe of Fate {spect, Will+ Dex+2} hits kd29's ghost!!
Kd29's ghost mumbles some strange words.
Kd29's ghost erupts in a fountain of uncontrolled magic!
You are blasted with magical radiation!!!
You die...

##..............................
#............#+P#.##............
##..####.##...............<.....
#.### ####.....................
###...######.....................
#......##..[#....................
###>.............#########.......
#...............#.......#.......
#..[...........@#..#.#..#.......
##......P##....(W...#.?.#.......
#..#######.....'.....?.#.......
#..# #.....'...#.$.#....... #..#
#.....#..#.#..#....... #.##
#.....#.......#......# #.##
#.....#########......#
#..#######.....................
#.P.#.##.......................


You could see kd29's ghost and a friendly +11 battleaxe of Fate {spect, Will+
Dex+2}.

Vanquished Creatures
  Gastronok (D:9)
  Snorg (Lair:3)
  Harold (D:10)
  The ghost of TheSexyCheese the Destroyer, a journeyman GrFE of Vehumet (Lair:2)
  4 hydras
  A two-headed ogre (D:10)
  2 thrashing horrors (Lair:2)
  An oklob plant (Lair:1)
  Pikel (D:6)
  2 ugly things (Lair:2)
  Maurice (D:8)
  4 elephants (Lair:3)
  3 black mambas
  9 cane toads
  An unseen horror (D:10)
  An ice devil (Lair:2)
  A rime drake (Lair:3)
  6 komodo dragons
  An ancient zyme (Lair:2)
  2 polar bears
  4 blink frogs (Lair:3)
  Sigmund (D:6)
  A spriggan (Lair:2)
  Grum (Lair:1)
  4 wyverns
  The ghost of Darkkill the Shooter, an amateur MiHu (D:3)
  18 yaks (Lair:3)
  6 basilisks
  2 redbacks (Lair:2)
  A steam dragon (D:8)
  2 acid dragons (D:10)
  3 swamp worms (Lair:3)
  6 water moccasins
  14 orc warriors
  2 sky beasts
  2 black bears
  An ogre (D:7)
  4 wolves (Lair:1)
  12 centaurs
  A phantom (D:6)
  A lemure (D:6)
  3 kobold brigands
  A gnoll sergeant (D:9)
  8 bullfrogs
  5 scorpions
  5 wights (D:10)
  10 killer bees
  3 howler monkeys (D:10)
  10 orc priests
  5 hounds
  7 jellies
  8 orc wizards
  2 iguanas
  6 hell rats (Lair:1)
  14 gnolls
  6 adders
  A river rat (Sewer)
  A shadow imp (D:6)
  2 ufetubi
  3 worms (D:4)
  2 dart slugs
  The ghost of jasper the Sneak, a weakling SpDe (D:4)
  60 orcs
  12 ball pythons
  3 bats
  14 endoplasms
  11 giant cockroaches
  13 goblins
  11 hobgoblins
  6 jackals (D:1)
  2 quokkas
  5 frilled lizards
  9 kobolds
  12 rats
392 creatures vanquished.

Vanquished Creatures (others)
  A human (D:3)
  An orc wizard (D:9)
  2 spectral weapons (Lair:3)
4 creatures vanquished.

Grand Total: 396 creatures vanquished

Notes
Turn   | Place    | Note
-------+----------+-------------------------------------------
     0 | D:1      | browni3141 the Minotaur Fighter began the quest for the
                  | Orb.
     0 | D:1      | Reached XP level 1. HP: 19/19 MP: 0/0
   246 | D:1      | Reached XP level 2. HP: 21/27 MP: 1/1
   623 | D:1      | Reached XP level 3. HP: 30/33 MP: 2/2
   909 | D:2      | Reached skill level 3 in Axes
  1587 | D:3      | Reached XP level 4. HP: 40/40 MP: 3/3
  1738 | D:3      | Found a runed translucent door.
  1738 | D:3      | Found an ancient bone altar of Kikubaaqudgha.
  1738 | D:3      | Noticed a human
  1741 | D:3      | Noticed Darkkill's ghost (amateur MiHu)
  1741 | D:3      | Killed a human
  2207 | D:3      | Killed Darkkill's ghost
  2208 | D:3      | Reached XP level 5. HP: 30/47 MP: 4/4
  2281 | D:4      | Reached XP level 6. HP: 53/55 MP: 5/5
  2464 | D:4      | Reached skill level 3 in Dodging
  2516 | D:4      | Found a glowing drain.
  2527 | Sewer    | Entered a sewer
  2756 | Sewer    | Reached XP level 7. HP: 59/61 MP: 6/6
  2769 | Sewer    | Found a viscous altar of Jiyva.
  3065 | D:4      | Found a runed translucent gate.
  3068 | D:4      | Found a runed translucent gate.
  3069 | D:4      | Found a runed translucent gate.
  3078 | D:4      | Noticed jasper's ghost (weakling SpDe)
  3078 | D:4      | Identified the +10 short sword of the Forging Gods {flame,
                  | rPois Int+3 Stlth-}
  3368 | D:4      | Killed jasper's ghost
  3553 | D:5      | Entered Level 5 of the Dungeon
  3610 | D:5      | Reached skill level 6 in Armour
  3736 | D:5      | Found a glowing golden altar of the Shining One.
  3836 | D:5      | Reached skill level 6 in Shields
  3838 | D:5      | Reached skill level 6 in Fighting
  4442 | D:6      | Found a shimmering blue altar of Sif Muna.
  4443 | D:6      | Found a shadowy altar of Dithmenos.
  4453 | D:6      | Found a stormy altar of Qazlal.
  4460 | D:6      | Noticed Sigmund
  4466 | D:6      | Killed Sigmund
  4467 | D:6      | Reached XP level 8. HP: 70/70 MP: 7/7
  4617 | D:6      | Reached skill level 6 in Axes
  4676 | D:6      | Noticed Pikel
  4689 | D:6      | Killed Pikel
  4906 | D:6      | Reached XP level 9. HP: 67/79 MP: 8/8
  5453 | D:7      | Found a snail-covered altar of Cheibriados.
  5485 | D:7      | Found a hide-covered altar of Uskayaw.
  5549 | D:7      | Reached skill level 6 in Dodging
  5644 | D:7      | Found an opulent altar of Gozag.
  5887 | D:7      | Found a staircase to the Ecumenical Temple.
  5905 | Temple   | Entered the Ecumenical Temple
  6131 | Temple   | Became a worshipper of Warmaster Okawaru
  6184 | D:7      | Found Wulybiotos's Antique Weapon Shoppe.
  6192 | D:7      | Bought a polished war axe for 204 gold pieces
  6192 | D:7      | Identified the +3 war axe of Fragile Peace {flame, Str+2
                  | Dex+4 Stlth+} (You bought it in a shop on level 7 of the
                  | Dungeon)
  6616 | D:8      | Noticed Maurice
  6622 | D:8      | Killed Maurice
  6622 | D:8      | Reached * piety under Okawaru
  6675 | D:8      | Reached XP level 10. HP: 90/90 MP: 9/9
  7897 | D:9      | Found a basalt altar of Yredelemnul.
  7897 | D:9      | Found a blossoming altar of Fedhas.
  7916 | D:9      | Reached ** piety under Okawaru
  7922 | D:9      | Reached skill level 9 in Armour
  7940 | D:9      | Reached skill level 9 in Shields
  8034 | D:9      | Noticed Gastronok
  8066 | D:9      | Killed Gastronok
  8067 | D:9      | Reached skill level 9 in Fighting
  8067 | D:9      | Reached skill level 9 in Axes
  8418 | D:9      | Found a runed translucent door.
  8419 | D:9      | Found a shimmering altar of Xom.
  8419 | D:9      | Noticed a +1 long sword of chaos
  8419 | D:9      | Noticed cheesebisquit's ghost (novice FeSu)
  8466 | D:9      | Found Exyasuph's Distillery.
  8493 | D:9      | Found a white marble altar of Elyvilon.
  8496 | D:9      | Reached *** piety under Okawaru
  8561 | D:9      | Found an ornate altar of the Wu Jian Council.
  8642 | D:9      | Found a staircase to the Orcish Mines.
  8905 | D:10     | Entered Level 10 of the Dungeon
  8963 | D:10     | Found a transporter.
  9004 | D:10     | Noticed Harold
  9023 | D:10     | Killed Harold
  9024 | D:10     | Reached XP level 11. HP: 50/99 MP: 10/10
  9231 | D:10     | Found a flagged portal.
  9399 | Bailey   | Entered a bailey
  9550 | Bailey   | Reached **** piety under Okawaru
  9813 | Bailey   | Identified the ring of Emitipat {Will+ rCorr Stlth+}
  9821 | Bailey   | Reached skill level 12 in Shields
  9821 | Bailey   | Reached XP level 12. HP: 110/110 MP: 11/11
  9953 | D:10     | Found a transporter.
 10005 | D:10     | Noticed a two-headed ogre
 10011 | D:10     | Killed a two-headed ogre
 10272 | D:10     | Found a staircase to the Lair.
 10592 | Lair:1   | Entered Level 1 of the Lair of Beasts
 10614 | Lair:1   | Reached skill level 12 in Axes
 10620 | Lair:1   | Reached ***** piety under Okawaru
 10621 | Lair:1   | Reached skill level 9 in Dodging
 10730 | Lair:1   | Noticed an eight-headed hydra
 10736 | Lair:1   | Killed a four-headed hydra
 10784 | Lair:1   | Found a broken altar of Ashenzari.
 11074 | Lair:1   | Noticed Grum
 11077 | Lair:1   | Killed Grum
 11405 | Lair:2   | Noticed a five-headed hydra
 11410 | Lair:2   | Killed a three-headed hydra
 11445 | Lair:2   | Found a transporter.
 11469 | Lair:2   | Found a transporter.
 11505 | Lair:2   | Identified the +11 battleaxe of Fate {spect, Will+ Dex+2}
                  | (Okawaru gifted it to you on level 2 of the Lair of Beasts)
 11505 | Lair:2   | Received a gift from Okawaru
 11633 | Lair:2   | Found a hole to the Spider Nest.
 11776 | Lair:2   | Noticed TheSexyCheese's ghost (journeyman GrFE)
 11813 | Lair:2   | Found a one-way gate to the infinite horrors of the Abyss.
 11942 | Lair:2   | Reached skill level 12 in Armour
 12255 | Lair:2   | Reached skill level 12 in Fighting
 12260 | Lair:2   | Killed TheSexyCheese's ghost
 12264 | Lair:2   | Reached skill level 3 in Invocations
 12264 | Lair:2   | Reached XP level 13. HP: 42/118 MP: 14/14
 12831 | Lair:3   | Identified the +0 ring mail "Suckixur" {Harm rPois Slay-6}
                  | (Okawaru gifted it to you on level 3 of the Lair of Beasts)
 12831 | Lair:3   | Received a gift from Okawaru
 12835 | Lair:3   | Noticed Snorg
 12837 | Lair:3   | Found a runed translucent gate.
 12837 | Lair:3   | Found a runed translucent gate.
 12837 | Lair:3   | Found a runed translucent gate.
 12840 | Lair:3   | Killed Snorg
 13302 | Lair:3   | Noticed kd29's ghost (journeyman DrTm)
 13362 | Lair:3   | Found a staircase to the Swamp.
 13465 | Lair:3   | Reached skill level 6 in Invocations
 13986 | Lair:3   | Slain by kd29's ghost

Illustrated notes

Levels and vault maps discovered:
D:1:      co_arrival_square_in_a_square_in_a_square, layout_loops_cross,
          serial_bayou_lagoon_a, dk_noncrumbling_2, minmay_misc_feat_roman,
          minmay_misc_feat_square
D:2:      layout_basic, minmay_liquid_box, minmay_fractal_squares_5
D:3:      layout_loops_cross, tgw_kikubaaqudgha, ebering_ghost_reflecting_pool,
          nicolae_figureground_pulse
D:4:      kennysheep_the_goblin_king, layout_rooms,
          cheibrodos_sewer_entry_sluice, biasface_ghost_orc_armoury,
          lexackson_kobold_supper
D:5:      layout_basic, mainiacjoe_overflow_catwalk, grunt_decor_cap,
          patterned_corridor
D:6:      layout_loops_corners, gammafunk_temple_overflow_forgotten,
          st_stairs_3, nicolae_lava_and_water, kennysheep_generic_room_13,
          uniq_sigmund, uniq_pikel
D:7:      layout_rooms, nicolae_gozag_seed_capital,
          mainiacjoe_overflow_large_starburst,
          minmay_temple_entry_statues_fountains, serial_shops,
          nicolae_diamond_shop
D:8:      layout_layer_cave, uniq_maurice
D:9:      layout_loops_ring, pdpol_wu_jian_five_deadly_venoms, elyvilon_altar_3,
          jmf_multi_god_temple, orc_0_dummy, serial_shops,
          nicolae_take_the_stairs, ebering_ghost_xom, nicolae_wwwww,
          uniq_gastronok
D:10:     gammafunk_worm_tunnel, layout_loops_ring,
          grunt_lair_entry_orc_guard_hut, enter_bailey_4,
          dreamdust_princess_bridge, grunt_ministairs_6, uniq_harold
Temple:   dpeg_chambers_temple
Lair:1:   layout_roguey, lemuel_oklob_altar, infiniplex_staircase_pool,
          uniq_grum
Lair:2:   layout_chaotic_city, spider_nest_entry_webs,
          gammafunk_ghost_abyssal_escape
Lair:3:   layout_chaotic_city, palyth_hydra_swamp_entry, gammafunk_ghost_split,
          kennysheep_basilisk_garden, serial_bayou_shore_a,
          infiniplex_staircase_pool_2, uniq_snorg

Skill      XL: |  1  2  3  4  5  6  7  8  9 10 11 12 13 |
---------------+----------------------------------------+-----
Fighting       | 4 5 6 7 8 9 11 12 | 12.9
Shields        | 4 5 6 7 8 9 12 13 | 13.2
Armour         | 4 5 6 7 8 10 11 12 | 12.9
Dodging        | 1 2 3 4 5 6 8 9 10 | 10.5
Axes           | 3 4 5 6 8 9 11 12 13 | 13.3
Invocations    | 3 6 |  6.3

Action                     |  1- 3 |  4- 6 |  7- 9 | 10-12 | 13-15 || total
---------------------------+-------+-------+-------+-------+-------++-------
  Melee: War axe           |    93 |   114 |   253 |   280 |       ||   740
         Headbutt          |    10 |    17 |    46 |    74 |    27 ||   174
         Battleaxe         |       |       |       |    25 |   101 ||   126
 Invoke: Heroism           |       |       |       |     3 |       ||     3
  Evoke: Wand              |       |       |       |     5 |       ||     5
    Use: Potion            |       |     1 |       |     1 |       ||     2
         Scroll            |       |       |       |     6 |     7 ||    13
   Stab: Distracted        |       |       |       |       |     3 ||     3
 Armour: Scale mail        |    61 |       |       |       |       ||    61
         Plate armour      |       |    96 |   168 |   192 |    46 ||   502
  Dodge: Dodged            |    61 |    64 |   121 |   216 |    53 ||   515
  Block: Buckler           |    30 |    29 |    69 |   147 |       ||   275
